Map: Chantier naval orbital

Players

DennyCrane

  • Race: Protoss Protoss
  • League: Silver

AgCl - Winner!

  • Race: Protoss Protoss
  • League: Silver

VOD

Have the link to the VOD?

Description

Time

  • Played on: July 17, 2015, 5:55 p.m.
  • Length: 8:53
Show
View Real Time Build Order
Export as new Build Order

DennyCrane Protoss 

Build Orders: Phoenix Opening 

Get SALT Encoding   

  12  0:01  Probe  
  13  0:14  Pylon  
  14  0:21  Probe  
  14  0:33  Probe (Chrono Boost)  
  14  0:35  Gateway  
  16  0:43  Probe (Chrono Boost)  
  16  0:50  Probe  
  16  0:52  Assimilator  
  16  0:56  Assimilator  
  17  1:02  Probe  
  18  1:16  Probe  
  19  1:23  Cybernetics Core  
  19  1:27  Pylon  
  19  1:28  Probe  
  20  1:40  Probe  
  20  1:46  Zealot (Chrono Boost)  
  23  1:53  Probe  
  24  1:59  Stargate  
  24  2:07  Mothership Core (Chrono Boost)  
  26  2:15  Stalker (Chrono Boost)  
  28  2:23  Pylon  
  28  2:24  Probe  
  28  2:27  Warp Gate  
  29  2:43  Phoenix (Chrono Boost)  
  31  2:55  Gateway  
  31  3:09  Stalker, Probe  
  32  3:21  Probe  
  33  3:33  Probe  
  34  3:39  Phoenix (Chrono Boost)  
  36  3:45  Probe  
  35  3:57  Probe, Phoenix (Chrono Boost)  
  38  4:05  Nexus  
  38  4:11  Pylon  
  38  4:22  Pylon  
  38  4:29  Mothership Core, Phoenix (Chrono Boost)  
  42  4:47  Phoenix (Chrono Boost)  
  42  4:50  Probe  
  43  5:02  Probe  
  43  5:05  Phoenix (Chrono Boost)  
  44  5:14  Probe  
  44  5:19  Probe  
  44  5:21  Pylon  
  46  5:27  Probe  
  49  5:29  Phoenix (Chrono Boost)  
  49  5:30  Pylon  
  49  5:31  Probe  
  50  5:39  Probe  
  51  5:43  Probe  
  51  5:45  Forge  
  51  5:48  Phoenix  
  54  5:51  Probe  
  54  5:55  Probe  
  56  6:03  Probe  
  57  6:07  Probe  
  57  6:10  Pylon  
  58  6:15  Probe  
  59  6:20  Probe  
  59  6:21  Photon Cannon  
  60  6:28  Photon Cannon  
  61  6:32  Probe  
  61  6:37  Probe, Phoenix (Chrono Boost), Assimilator  
  61  6:38  Assimilator  
  64  6:40  Stargate  
  64  6:41  Protoss Ground Weapons Level 1 (Chrono Boost)  
  64  6:45  Probe  
  65  6:49  Probe  
  65  6:53  Photon Cannon  
  66  6:57  Probe, Phoenix (Chrono Boost)  
  66  7:01  Probe  
  70  7:09  Probe  
  70  7:14  Probe  
  72  7:18  Stalker x2  
  76  7:25  Gateway  
  76  7:27  Gateway  
  76  7:37  Robotics Facility  
  76  7:40  Pylon  
  76  7:48  Zealot x2  
  80  8:03  Probe  
  81  8:09  Zealot x2  
  83  8:18  Gateway  
  79  8:23  Photon Cannon  
  79  8:24  Observer (Chrono Boost), Photon Cannon  
  77  8:27  Zealot x2  
  71  8:37  Zealot  
  71  8:38  Zealot  
  67  8:48  Zealot x2  
Show
View Real Time Build Order
Export as new Build Order

AgCl Protoss - Winner!

Build Orders: Phoenix Opening, Zealot Archon 

Get SALT Encoding   

  12  0:17  Pylon  
  12  0:23  Probe  
  12  0:24  Assimilator  
  13  0:39  Probe (Chrono Boost)  
  13  0:40  Gateway  
  15  0:50  Probe (Chrono Boost)  
  15  0:56  Probe  
  16  1:08  Probe  
  17  1:15  Assimilator  
  17  1:16  Pylon  
  17  1:20  Probe (Chrono Boost)  
  18  1:32  Probe (Chrono Boost)  
  19  1:36  Cybernetics Core  
  19  1:38  Probe (Chrono Boost)  
  20  1:49  Probe (Chrono Boost)  
  21  1:55  Probe (Chrono Boost)  
  22  2:07  Probe  
  23  2:16  Nexus  
  23  2:21  Mothership Core (Chrono Boost)  
  25  2:24  Warp Gate (Chrono Boost)  
  25  2:39  Stargate  
  25  2:44  Stalker  
  27  2:47  Probe  
  27  2:59  Probe  
  27  3:00  Pylon  
  28  3:11  Probe  
  29  3:22  Phoenix (Chrono Boost)  
  29  3:23  Probe  
  30  3:46  Probe (Chrono Boost)  
  29  3:50  Phoenix  
  29  3:54  Probe (Chrono Boost)  
  33  3:56  Probe (Chrono Boost)  
  33  3:58  Gateway  
  33  3:59  Pylon  
  33  4:01  Pylon  
  33  4:09  Probe (Chrono Boost)  
  35  4:12  Probe (Chrono Boost)  
  35  4:15  Phoenix  
  37  4:17  Gateway  
  37  4:19  Probe  
  38  4:25  Probe (Chrono Boost)  
  38  4:30  Pylon  
  39  4:32  Assimilator  
  39  4:34  Probe (Chrono Boost)  
  40  4:45  Mothership Core (Chrono Boost), Probe (Chrono Boost)  
  43  4:47  Twilight Council  
  43  4:52  Probe  
  44  5:00  Probe  
  44  5:05  Probe (Chrono Boost)  
  46  5:12  Forge  
  46  5:14  Probe (Chrono Boost)  
  44  5:24  Gateway  
  44  5:25  Probe x2 (Chrono Boost)  
  44  5:26  Assimilator  
  45  5:29  Dark Shrine  
  45  5:32  Probe  
  45  5:33  Probe  
  45  5:35  Stalker x2  
  47  5:44  Probe (Chrono Boost)  
  47  5:47  Photon Cannon x2  
  49  5:51  Pylon  
  49  5:54  Probe (Chrono Boost)  
  49  5:56  Probe (Chrono Boost)  
  50  5:59  Stalker  
  50  6:03  Probe x2 (Chrono Boost)  
  49  6:07  Stalker  
  50  6:13  Probe  
  50  6:14  Probe, Charge (Chrono Boost)  
  49  6:20  Photon Cannon  
  49  6:25  Protoss Ground Weapons Level 1 (Chrono Boost)  
  49  6:31  Probe (Chrono Boost)  
  51  6:33  Gateway  
  51  6:34  Gateway  
  50  6:43  Gateway  
  50  6:45  Probe (Chrono Boost)  
  50  6:46  Probe (Chrono Boost)  
  52  6:56  Probe (Chrono Boost)  
  52  6:58  Probe (Chrono Boost), Robotics Facility  
  54  7:04  Probe (Chrono Boost)  
  54  7:06  Probe (Chrono Boost)  
  56  7:10  Probe (Chrono Boost)  
  56  7:12  Probe  
  56  7:13  Pylon  
  58  7:20  Pylon  
  58  7:21  Probe  
  59  7:24  Gateway, Probe  
  60  7:32  Dark Templar x2  
  60  7:33  Dark Templar x2, Probe  
  69  7:41  Archon x2  
  69  7:49  Dark Templar  
  69  7:50  Dark Templar, Zealot  
  75  8:00  Adept  
  75  8:05  Adept  
  79  8:09  Dark Templar  
  79  8:10  Nexus, Pylon  
  81  8:12  Dark Templar  
  83  8:20  Dark Templar  
  85  8:29  Pylon  
  83  8:35  Dark Templar  
  83  8:36  Zealot x3  
  87  8:47  Archon  
  87  8:48  Archon  
  83  8:51  Zealot x3  
Tags
 
Add a new tag
Caveats
  • Supply blocks, unpowered buildings, or Contaminate may cause inaccurate times.
  • Supply counts are checked every 10 seconds.